 Dungeon Crawl Stone Soup version 0.24.0-1-gfbc8707122 (webtiles) character file.

Game seed: 9913008789210747739, levelgen mode: deterministic

70 Borgoz the Covered (level 4, -2/31 HPs)
             Began as a Halfling Fighter on Oct 26, 2019.
             Slain by a gnoll
             ... wielding a +0 spear
              (6 damage)
             ... on level 2 of the Dungeon.
             The game lasted 00:02:06 (1521 turns).

Borgoz the Covered (Halfling Fighter)               Turns: 1521, Time: 00:02:07

Health: -2/31      AC:  7    Str: 17    XL:     4   Next: 44%
Magic:  4/4        EV:  9    Int:  6    God:
Gold:   145        SH:  9    Dex: 14    Spells: 3/3 levels left

rFire    . . .     SeeInvis .   a - +0 rapier
rCold    . . .     Gourm    .   c - +0 shield
rNeg     . . .     Faith    .   b - +0 scale mail
rPois    .         Spirit   .   (no helmet)
rElec    .         Reflect  .   (no cloak)
rCorr    .         Harm     .   (no gloves)
MR       .....                  (no boots)
Stlth    ..........             (no amulet)
HPRegen  0.10/turn              (no ring)
MPRegen  0.09/turn              (no ring)

@: no status effects
A: small, mutation resistance 1
a: no special abilities


You were on level 2 of the Dungeon.
You were very hungry.

You visited 1 branch of the dungeon, and saw 2 of its levels.

You collected 145 gold pieces.

Inventory:

Hand Weapons
 a - a +0 rapier (weapon)
Armour
 b - a +0 scale mail (worn)
 c - a +0 shield (worn)
Wands
 p - a wand of digging (3)
Scrolls
 e - 2 scrolls of enchant weapon {unknown}
 g - a scroll of fog {unknown}
 h - a scroll of remove curse {unknown}
 i - a scroll of teleportation {unknown}
 j - a scroll of blinking {unknown}
 n - a scroll of identify {unknown}
 o - a scroll of fear {unknown}
Potions
 d - a potion of might
 k - a potion of flight {unknown}
 l - a potion of agility {unknown}
 m - a potion of mutation {unknown}
 q - a potion of berserk rage {unknown}
Comestibles
 f - 4 rations


   Skills:
 * Level 3.2 Fighting
 + Level 2.9 Short Blades
 * Level 4.0 Armour
 + Level 1.0 Dodging
 + Level 1.2 Stealth
 + Level 3.6 Shields


You had 3 spell levels left.
You didn't know any spells.
Your spell library was empty.

Dungeon Overview and Level Annotations

Branches:
Dungeon (2/15)

Altars:
Nemelex Xobeh


Innate Abilities, Weirdness & Mutations

You are small and have problems with some larger weapons.
You are somewhat resistant to further mutation.


Message History

You hit the goblin but do no damage.
The goblin is severely wounded.
The gnoll hits you from afar with a +0 spear.
* * * LOW HITPOINT WARNING * * *
The goblin hits you.
* * * LOW HITPOINT WARNING * * *
You are feeling very hungry.
You closely miss the goblin.
The goblin is heavily wounded.
You block the gnoll's attack. You block the goblin's attack.
You closely miss the goblin.
The goblin is heavily wounded.
You block the gnoll's attack. The goblin closely misses you.
You hit the goblin.
The goblin is severely wounded.
The gnoll closely misses you. The goblin barely misses you.
You hit the goblin.
You kill the goblin!
The gnoll hits you from afar with a +0 spear.
You die...

#.#####.........#####...#
.## ###...............#
)# #.#####.#####...# .#
######.##....# ##.##
.....$....).g#..# #.#
####$#######...g# #.#
##.#g# #.# #.#.######.#
#.#.@..>.#.##
#.######.#..# ######.###
#.##)# ........## #.##.#
#.......# #.##.#
#.......# #.##.# .
###.......###.##.# #
###...........#.##.#
............<.[.##.#


You could see 2 gnolls.

Vanquished Creatures
  Jessica (D:2)
  A gnoll (D:2)
  A worm (D:2)
  A dart slug (D:1)
  A ball python (D:1)
  A giant cockroach (D:1)
  6 goblins
  3 hobgoblins
  6 bats
  2 frilled lizards
  3 kobolds (D:1)
  4 rats
30 creatures vanquished.

Notes
Turn   | Place    | Note
-------+----------+-------------------------------------------
     0 | D:1      | Borgoz the Halfling Fighter began the quest for the Orb.
     0 | D:1      | Reached XP level 1. HP: 15/15 MP: 1/1
   167 | D:1      | Reached XP level 2. HP: 19/20 MP: 2/2
   259 | D:1      | Found a sparkling altar of Nemelex Xobeh.
   519 | D:1      | Reached XP level 3. HP: 26/26 MP: 3/3
   764 | D:2      | Noticed Jessica
   791 | D:2      | Killed Jessica
   791 | D:2      | Reached skill level 1 in Stealth
  1195 | D:2      | Reached XP level 4. HP: 29/31 MP: 4/4
  1494 | D:2      | Reached skill level 4 in Armour
  1494 | D:2      | Reached skill level 1 in Dodging
  1521 | D:2      | Slain by a gnoll

Levels and vault maps discovered:
D:1:      mrwooster_arrival_statue_2, layout_basic,
          nemelex_xobeh_ov_fountains_minmay
D:2:      lemuel_upstairs_altar, layout_loops_ring, marbit_many_paths,
          kennysheep_generic_room_4, uniq_jessica

Skill      XL: |  1  2  3  4 |
---------------+-------------+-----
Fighting       | 3 |  3.2
Stealth        | 1 |  1.2
Armour         | 4 |  4.0
Dodging        | 1 |  1.0
Short Blades   | |  2.9
Shields        | |  3.6

Action                   |  1- 3 |  4- 6 || total
-------------------------+-------+-------++-------
Melee: Rapier            |    77 |    38 ||   115
  Eat: Chunk             |       |     1 ||     1
Armor: Scale mail        |    25 |     9 ||    34
Dodge: Dodged            |    20 |     9 ||    29
Block: Shield            |    34 |    19 ||    53
